[Event "Team 45 45 League T29"]
[Site "Internet Chess Club"]
[Date "2006.01.08"]
[Round "3"]
[White "garethn"]
[Black "Sean"]
[Result "1/2-1/2"]
[WhiteElo "1766"]
[BlackElo "1706"]
[TimeControl "2700+45"]

1. e4 d6 2. d4 Nf6 3. Nc3 g6 4. g3 Bg7 5. Bg2 O-O 6. Nge2 Nbd7 7. O-O e5 8. Be3
Ng4 9. Bc1 exd4 10. Nxd4 Nge5 11. Bf4 b6 12. Qd2 Bb7 13. Rad1 Nb8 14. Nd5 Nbd7
15. Nb5 c6 16. Nxd6 cxd5 17. Nxb7 Qc7 18. Qxd5 Qxc2 19. Rd2 Qc7 20. Nd6 Qc5 21.
Qxc5 Nxc5 22. Bxe5 Bxe5 23. f4 Bxd6 24. Rxd6 Rac8 25. Rc1 Rfd8 26. Rcd1 Re8 27.
e5 Ne6 28. Bc6 Re7 29. Bd7 Rc2 30. Bxe6 fxe6 31. R6d2 Rec7 32. Rd8+ Kg7 33.
R8d7+ Rxd7 34. Rxd7+ Kg8 35. Rxa7 Rxb2 36. a4 Ra2 37. Ra6 Kf7 38. Rxb6 Rxa4 39.
Rb7+ Kg8 40. Re7 Ra6 41. Kg2 h5 42. Kh3 Kf8 43. Rd7 Ra2 44. Rd1 Kf7 45. Rg1 Rc2
46. Rg2 Rc3 47. Rd2 Rc7 48. Kh4 Rb7 49. Kg5 Rc7 50. Rd8 Kg7 51. Re8 Kf7 52. Rh8
Rc2 53. Rh7+ Ke8 54. Kxg6 Rxh2 55. Rxh5 Rg2 56. Rg5 Ke7 57. Kg7 Rg1 58. Kg8 Rg2
59. Rg7+ Ke8 60. Kh7 Rg1 61. Kg8 Rg2 62. g4 Rg3 63. g5 Rg4 64. Rf7 Rh4 65. g6
Rg4 66. Kg7 Rh4 67. Kg8 Rg4 68. Kh7 Rh4+ 69. Kg7 Rg4 70. Kh6 Rh4+ 71. Kg5 Rh1
72. Kf6 Rg1 73. g7 Rg4 74. Rf8+ Kd7 75. g8=Q Rxf4+ 76. Kg5 Rc4 77. Qf7+ Kc6 78.
Rc8+ Kd5 79. Qd7+ Kxe5 80. Rxc4 {Black stalemated} 1/2-1/2  aics%

[Event "Team 45 45 League T29"]
[Site "Internet Chess Club"]
[Date "2006.01.14"]
[Round "3"]
[White "bmw2002"]
[Black "wojozim"]
[Result "0-1"]
[WhiteElo "1563"]
[BlackElo "1666"]
[TimeControl "2700+45"]

1. c4 f5 2. Nf3 Nf6 3. Nc3 g6 4. d3 Bg7 5. g3 O-O 6. Bg2 d6 7. O-O e5 8. e4 Nc6
9. h3 Ne7 10. Be3 c6 11. Rc1 h6 12. b4 Be6 13. c5 d5 14. exd5 Nfxd5 15. Nxd5
Bxd5 16. Qd2 g5 17. Qe2 Qd7 18. Rfe1 Rae8 19. Nh2 f4 20. Bd2 Nf5 21. g4 Nh4 22.
Bc3 Bxg2 23. f3 Qd5 24. Kf2 a5 25. a3 Bxh3 26. bxa5 Qxc5+ 27. d4 exd4 28. Qxe8
dxc3+ {White forfeits on time} 0-1  aics%  LeBot(C TD)(340): A collection of
lessons given to Lechessclub by various teachers are available for download at
http://members.cox.net/emcutting/PGN_Files.html aics%

[Event "Team 45 45 League T29"]
[Site "Internet Chess Club"]
[Date "2006.01.07"]
[Round "3"]
[White "Justme"]
[Black "QuaqQuao"]
[Result "0-1"]
[WhiteElo "1365"]
[BlackElo "1550"]
[TimeControl "2700+45"]

1. e4 d5 2. e5 c5 3. Qe2 Bf5 4. Qb5+ Qd7 5. Qxc5 e6 6. Qd4 Nc6 7. Qf4 Nb4 8. Na3
a6 9. c3 Nc6 10. b4 Nge7 11. b5 axb5 12. Nxb5 Ng6 13. Qe3 Ngxe5 14. Qb6 Rc8 15.
Nf3 Nc4 16. Bxc4 dxc4 17. O-O Be7 18. a4 O-O 19. a5 Bd8 20. Qe3 Qd5 21. Na7 Nxa7
22. Qxa7 Bc7 23. Qe3 Ra8 24. Nd4 Qd6 25. f4 Qd5 26. Nxf5 Qxf5 27. Qd4 Bxa5 28.
Qxc4 Bb6+ 29. Kh1 Rxa1 30. Qb3 Qc5 31. d4 Qd6 32. Qb2 Rfa8 33. Qf2 R8a2 34. Qg3
Rc2 35. Qe3 Qd5 {White resigns} 0-1  aics%

[Event "Team 45 45 League T29"]
[Site "Internet Chess Club"]
[Date "2006.01.08"]
[Round "3"]
[White "chessterbaggins"]
[Black "Gomer"]
[Result "1-0"]
[WhiteElo "1129"]
[BlackElo "1283"]
[TimeControl "2700+45"]

1. e4 e5 2. Nf3 Nc6 3. Be2 Nf6 4. Nc3 Bb4 5. a3 Bxc3 6. bxc3 Nxe4 7. Bb2 O-O 8.
d4 Re8 9. d5 Nb8 10. c4 d6 11. O-O c6 12. Bd3 cxd5 13. cxd5 Nf6 14. Bc4 Bg4 15.
h3 Bd7 16. a4 Qc7 17. Bb3 Na6 18. c4 Qc8 19. Nh2 Nc5 20. Bc2 b6 21. a5 b5 22.
cxb5 Bxb5 23. Re1 Qb7 24. Ng4 Qxd5 25. Nxf6+ {Black resigns} 1-0  aics%

[Event "Team 45 45 League T29"]
[Site "Internet Chess Club"]
[Date "2006.01.08"]
[Round "3"]
[White "Prop"]
[Black "Conjurer"]
[Result "0-1"]
[WhiteElo "1242"]
[BlackElo "1319"]
[TimeControl "2700+45"]

1. e4 c5 2. Nf3 d6 3. d4 cxd4 4. Nxd4 Nf6 5. Nc3 a6 6. Bc4 b5 7. Bb3 b4 8. Nd5
a5 9. Nxf6+ exf6 10. O-O Bb7 11. Ba4+ Nd7 12. Qe2 Be7 13. Nc6 Bxc6 14. Bxc6 Rc8
15. Bd5 O-O 16. Qd3 Ne5 17. Qb3 Qd7 18. a3 bxa3 19. Rxa3 Rc5 20. Bd2 Bd8 21.
Rfa1 Qg4 22. h3 Qc8 23. Bxa5 Bxa5 24. Rxa5 Rxc2 25. f4 Ng6 26. Qa3 Nxf4 27. b3
Rxg2+ 28. Kf1 Qxh3 29. Bxf7+ Kh8 30. Rh5 Qf3+ 31. Ke1 Qf2+ 32. Kd1 Qg1# {White
checkmated} 0-1  aics%

[Event "Team 45 45 League T29"]
[Site "Internet Chess Club"]
[Date "2006.01.08"]
[Round "3"]
[White "guyd52"]
[Black "BosqueVerde"]
[Result "1-0"]
[WhiteElo "1233"]
[BlackElo "1205"]
[TimeControl "2700+45"]

1. g3 e5 2. d3 d5 3. Nf3 Nc6 4. Bg2 Nf6 5. O-O Be7 6. e4 d4 7. c3 Bg4 8. Qb3 b6
9. Qb5 Qd7 10. Nxe5 Nxe5 11. Qxe5 dxc3 12. Qxc3 Rd8 13. f3 Be6 14. Rd1 c5 15.
Na3 O-O 16. Be3 a6 17. g4 Qc6 18. Bf1 b5 19. Kg2 b4 20. Qc1 bxa3 21. b3 Nxg4 22.
fxg4 Bxg4 23. Rd2 Qg6 24. h3 Bh5+ 25. Kh1 Bg5 26. Bxg5 Qxg5 27. Rc2 Qg3 28. Qxa3
Rxd3 29. Qxc5 Bf3+ 30. Bg2 Qxh3+ 31. Kg1 Bxg2 32. Rxg2 Rg3 33. Qf2 Rg4 34. Rxg4
Qxg4+ 35. Qg2 Qe6 36. Rd1 g6 37. Rd3 Kg7 38. Kf2 f5 39. exf5 Rxf5+ 40. Rf3 Qb6+
41. Kf1 Qb5+ 42. Kf2 Qc5+ 43. Kf1 Qc1+ 44. Kf2 Qd2+ 45. Kf1 Qxg2+ 46. Kxg2 Rxf3
47. Kxf3 Kf6 48. a4 Kf5 49. b4 g5 50. b5 g4+ 51. Kg3 h5 52. bxa6 Kg5 53. a7 h4+
54. Kg2 Kf4 55. a8=Q h3+ 56. Kf2 g3+ 57. Ke2 g2 58. Qf3+ Kg5 59. Qg3+ Kf5 60.
Kf2 g1=Q+ 61. Qxg1 {Black resigns} 1-0  aics%

[Event "Team 45 45 League T29"]
[Site "Internet Chess Club"]
[Date "2006.01.07"]
[Round "3"]
[White "fuzzface"]
[Black "mrmarck"]
[Result "1/2-1/2"]
[WhiteElo "1370"]
[BlackElo "1507"]
[TimeControl "2700+45"]

1. d4 d5 2. g3 Nf6 3. Bg2 c6 4. c3 Nbd7 5. Bf4 e6 6. Nd2 Nh5 7. Nh3 Nxf4 8. Nxf4
Bd6 9. e3 e5 10. Nh3 O-O 11. O-O Nf6 12. dxe5 Bxe5 13. f4 Bg4 14. Qe1 Bc7 15.
Nf2 Bb6 16. Nxg4 Nxg4 17. Rf3 Re8 18. Nf1 d4 19. cxd4 Bxd4 20. Rd1 Qb6 21. Rd3
Rad8 22. Qd2 Qxb2 23. Rxd4 Qxd2 24. Rxd2 Rxd2 25. Nxd2 Rxe3 26. Rxe3 Nxe3 27.
Kf2 Nd1+ 28. Kf3 f5 29. g4 fxg4+ 30. Kxg4 Ne3+ 31. Kf3 Nxg2 32. Kxg2 Kf7 33. Ne4
Ke6 34. Ng5+ Kf5 35. Nxh7 Kxf4 36. Nf8 Kg4 37. h3+ Kf5 38. Kg3 c5 39. Nd7 c4 40.
Nc5 {Game drawn by mutual agreement} 1/2-1/2  aics%

[Event "Team 45 45 League T29"]
[Site "Internet Chess Club"]
[Date "2006.01.08"]
[Round "3"]
[White "mwm913"]
[Black "Fogbound"]
[Result "1-0"]
[WhiteElo "1350"]
[BlackElo "1296"]
[TimeControl "2700+45"]

1. e4 g6 2. Nf3 Bg7 3. d4 d6 4. Nc3 c6 5. Bc4 e6 6. Ng5 h6 7. Nf3 b5 8. Be2 Nd7
9. O-O Nb6 10. Bd2 Nc4 11. Bxc4 bxc4 12. Qe2 a5 13. Qxc4 Ne7 14. Rad1 Ba6 15.
Qa4 Rb8 16. Rfe1 O-O 17. b3 Qc7 18. Ne2 Rb5 19. c4 Rh5 20. Ng3 c5 21. Nxh5 gxh5
22. Bxa5 Qc6 23. Qa3 cxd4 24. Nxd4 Bxd4 25. Rxd4 Qc5 26. Qxc5 dxc5 27. Rd7 Nc6
28. Rd6 Bb7 29. Bc3 Ra8 30. a4 Kh7 31. Rd7 Nd8 32. Bf6 Bc6 33. Rxd8 Ra7 34. Re3
Bxa4 35. bxa4 Rxa4 36. h3 Rxc4 37. Rf8 Kg6 38. e5 Rc1+ 39. Kh2 c4 40. Rg8+ Kf5
41. Rg7 Rd1 42. Rxf7 Kg6 43. Rg7+ Kf5 44. Kg3 Rd3 45. Rxd3 cxd3 46. Rd7 Ke4 47.
Kh4 d2 48. Rxd2 Kf5 49. Kxh5 Ke4 50. Ra2 Kd3 51. Kxh6 Ke4 52. h4 Kf5 53. h5 Kg4
54. Kg6 Kf4 55. h6 Ke4 56. h7 Kd3 57. h8=Q {Black resigns} 1-0  aics%

[Event "Team 45 45 League T29"]
[Site "Internet Chess Club"]
[Date "2006.01.07"]
[Round "3"]
[White "klt713"]
[Black "gilalva"]
[Result "1-0"]
[WhiteElo "1258"]
[BlackElo "1284"]
[TimeControl "2700+45"]

1. d4 Nf6 2. Bg5 g6 3. Bxf6 exf6 4. Nf3 Bg7 5. e3 O-O 6. Bd3 d6 7. O-O c5 8.
Nbd2 Be6 9. c3 cxd4 10. Nxd4 f5 11. Nxe6 fxe6 12. Nf3 e5 13. Bc4+ Kh8 14. Bb3 e4
15. Nd4 Bxd4 16. Qxd4+ Rf6 17. Bd5 Nc6 18. Bxc6 bxc6 19. Rfd1 d5 20. Rac1 Qe7
21. Rc2 Rd8 22. Rcd2 c5 23. Qa4 Qb7 24. Qc2 c4 25. b3 Rfd6 26. bxc4 dxc4 27.
Rxd6 Rxd6 28. Rxd6 Qc7 29. Qd2 Qc5 30. Qd4+ Qxd4 31. Rxd4 a5 32. Rxc4 Kg7 33.
Rd4 Kh6 34. c4 Kg5 35. c5 Kf6 36. c6 Ke5 37. c7 f4 38. c8=Q fxe3 39. Qc5+ Kf4
40. fxe3+ Kxe3 41. Rd5+ Ke2 42. Qf2# {Black checkmated} 1-0  aics%

[Event "Team 45 45 League T29"]
[Site "Internet Chess Club"]
[Date "2006.01.08"]
[Round "3"]
[White "PocketChange"]
[Black "ffplayer"]
[Result "1-0"]
[WhiteElo "1280"]
[BlackElo "1120"]
[TimeControl "2700+45"]

1. e4 d6 2. Nf3 e5 3. Nc3 Nf6 4. d4 Bg4 5. dxe5 Bxf3 6. gxf3 dxe5 7. Qxd8+ Kxd8
8. Be3 Bb4 9. O-O-O+ Nbd7 10. Bd2 h6 11. Nd5 Bxd2+ 12. Rxd2 c6 13. Nxf6 gxf6 14.
Bh3 Kc7 15. Rxd7+ Kb6 16. Rxf7 Rad8 17. Rxf6 Rd4 18. Rd1 Rxd1+ 19. Kxd1 Rd8+ 20.
Kc1 Rd4 21. Rxh6 Ra4 22. Be6 Rd4 23. h4 Rd6 24. h5 Kc5 25. Rg6 Rd8 26. h6 Rf8
27. h7 Rh8 28. Bg8 b5 29. Rg5 Kd4 30. c3+ Kd3 31. Rxe5 Ke2 32. Rc5 Kxf2 33. e5
Kxf3 {Black resigns} 1-0  aics%

[Event "Team 45 45 League T29"]
[Site "Internet Chess Club"]
[Date "2006.01.08"]
[Round "3"]
[White "Budzo"]
[Black "Irvin"]
[Result "0-1"]
[WhiteElo "1781"]
[BlackElo "1825"]
[TimeControl "2700+45"]

1. Nf3 d5 2. d4 Nf6 3. c4 dxc4 4. e3 e6 5. Bxc4 c5 6. O-O a6 7. dxc5 Qxd1 8.
Rxd1 Bxc5 9. Nc3 b5 10. Be2 Nbd7 11. a3 Bb7 12. b4 Bb6 13. Bb2 O-O 14. Rac1 Rfd8
15. Nd2 Nd5 16. Nxd5 Bxd5 17. Bf3 Bxf3 18. Nxf3 Nf6 19. Bd4 Nd5 20. Rc6 Bxd4 21.
Rxd4 Kf8 22. Kf1 Rdc8 23. Rxc8+ Rxc8 24. Rd3 Ke7 25. Ke1 f6 26. e4 Nf4 27. Rb3
Nxg2+ 28. Kd2 Rc4 29. Kd3 e5 30. Nd2 Rd4+ 31. Ke2 Nf4+ 32. Ke3 g6 33. Nf3 Rd1
34. Rc3 Kd7 35. Nd2 Rh1 36. Nf3 g5 37. a4 g4 38. Nh4 Rxh2 39. Nf5 Rh3+ 40. Ng3
bxa4 41. Kd2 h5 {White resigns} 0-1  aics%

[Event "Team 45 45 League T29"]
[Site "Internet Chess Club"]
[Date "2006.01.09"]
[Round "3"]
[White "wojozim"]
[Black "pokerram"]
[Result "1-0"]
[WhiteElo "1628"]
[BlackElo "1666"]
[TimeControl "2700+45"]

1. e4 c5 2. Nc3 Nc6 3. f4 e6 4. Nf3 d6 5. Bc4 Nf6 6. d3 a6 7. a4 Bd7 8. O-O Na5
9. Ba2 Bc6 10. Qe2 b5 11. e5 dxe5 12. Nxe5 Bd5 13. Nxd5 Nxd5 14. f5 Be7 15. fxe6
fxe6 16. Nf7 Qb6 17. Nxh8 c4+ 18. Kh1 Nf6 19. Bg5 Kf8 20. Qh5 Kg8 21. Qf7+ Kxh8
22. Qxe7 Nc6 23. Qd6 Rd8 24. Qxe6 Re8 25. Rxf6 {Black resigns} 1-0  aics%

[Event "Team 45 45 League T29"]
[Site "Internet Chess Club"]
[Date "2006.01.07"]
[Round "3"]
[White "SpeedBlade"]
[Black "Smart"]
[Result "1-0"]
[WhiteElo "1490"]
[BlackElo "1580"]
[TimeControl "2700+45"]

1. c4 d6 2. g3 e5 3. Bg2 f5 4. Nc3 Nf6 5. d3 Be7 6. e4 c6 7. Nge2 O-O 8. O-O Na6
9. Bg5 Ng4 10. Bxe7 Qxe7 11. h3 Nf6 12. Qd2 Qf7 13. f4 Qh5 14. Rf2 fxe4 15. Nxe4
Ne8 16. g4 Qf7 17. fxe5 Qe7 18. exd6 Nxd6 19. Rxf8+ Qxf8 20. Rf1 Qe7 21. Qf4
Nxe4 22. Bxe4 Nc5 23. Nc3 Bd7 24. d4 Ne6 25. Qe3 Ng5 26. Bxh7+ Kxh7 27. Qxe7
Nxh3+ 28. Kg2 Bxg4 29. Rh1 Kg6 30. Rxh3 Bxh3+ 31. Kxh3 Rh8+ 32. Kg4 Rh2 33. Qe4+
{Black resigns} 1-0  aics%

[Event "Team 45 45 League T29"]
[Site "Internet Chess Club"]
[Date "2006.01.05"]
[Round "3"]
[White "Creecher"]
[Black "kingofthespill"]
[Result "0-1"]
[WhiteElo "1491"]
[BlackElo "1507"]
[TimeControl "2700+45"]

1. d4 d5 2. c4 e6 3. Nc3 Nf6 4. Bg5 Be7 5. h3 Ne4 6. Bxe7 Qxe7 7. Nxe4 dxe4 8.
a3 c5 9. dxc5 Qxc5 10. e3 O-O 11. Rc1 a5 12. Qc2 f5 13. Ne2 Nc6 14. Nc3 Rd8 15.
Na4 Qe7 16. Be2 Ne5 17. O-O Nd3 18. Bxd3 exd3 19. Qc3 e5 20. Nb6 Ra6 21. c5 Be6
22. Rfd1 e4 23. f3 a4 24. Qb4 Bb3 25. Rd2 exf3 26. gxf3 Qxe3+ 27. Kg2 Re8 28.
Nc4 Bxc4 29. Qxc4+ Kh8 30. Qxd3 Qg5+ 31. Kh1 Rh6 32. Rg1 Rxh3+ 33. Rh2 Qh4 34.
Qf1 Rxh2# {White checkmated} 0-1  aics%

[Event "Team 45 45 League T29"]
[Site "Internet Chess Club"]
[Date "2006.01.06"]
[Round "3"]
[White "Ghostblaster"]
[Black "chsrules88"]
[Result "0-1"]
[WhiteElo "1657"]
[BlackElo "1825"]
[TimeControl "2700+45"]

1. d4 e5 2. e4 exd4 3. Nf3 c5 4. Bc4 Nc6 5. c3 dxc3 6. Nxc3 d6 7. Ng5 Ne5 8. Bd5
Be7 9. Nf3 Nf6 10. Bb3 Bg4 11. Bf4 Nxf3+ 12. gxf3 Be6 13. Bxe6 fxe6 14. Qb3 Qd7
15. O-O-O O-O 16. Rhg1 Ne8 17. Be3 Bf6 18. f4 Bxc3 19. bxc3 Rf7 20. Rg4 Nf6 21.
f5 exf5 22. e5 Nxg4 23. e6 Qe7 24. exf7+ Qxf7 25. Qxf7+ Kxf7 26. Rxd6 Nxe3 27.
fxe3 Re8 28. Rd5 Kf6 29. Kd2 b6 30. a4 Ke6 31. c4 Re7 32. e4 Rd7 33. exf5+ Ke7
34. Ke3 Rxd5 35. cxd5 Kd6 36. Ke4 a6 37. h4 b5 38. axb5 axb5 39. h5 h6 40. f6
gxf6 41. Kf5 b4 {White resigns} 0-1  aics%

[Event "Team 45 45 League T29"]
[Site "Internet Chess Club"]
[Date "2006.01.08"]
[Round "3"]
[White "nursey"]
[Black "BenjaminSisko"]
[Result "1-0"]
[WhiteElo "1636"]
[BlackElo "1495"]
[TimeControl "2700+45"]

1. e4 e5 2. Nf3 Nc6 3. Bb5 a6 4. Ba4 Nf6 5. O-O Be7 6. Re1 b5 7. Bb3 d6 8. c3
Na5 9. d4 Nxb3 10. axb3 exd4 11. cxd4 Bg4 12. Bg5 O-O 13. h3 Bh5 14. Nc3 c6 15.
e5 dxe5 16. Rxe5 Nd5 17. Bxe7 Bxf3 18. Qxf3 Nxe7 19. Rae1 Ra7 20. b4 Re8 21.
Qxc6 Kf8 22. Qc5 Rc7 23. Qb6 Qc8 24. Nd5 Rc6 25. Rxe7 {Black resigns} 1-0  aics%

[Event "Team 45 45 League T29"]
[Site "Internet Chess Club"]
[Date "2006.01.08"]
[Round "3"]
[White "mrmarck"]
[Black "mal57"]
[Result "1-0"]
[WhiteElo "1519"]
[BlackElo "1480"]
[TimeControl "2700+45"]

1. d4 d5 2. c4 Nf6 3. e3 Bd7 4. Nc3 e6 5. Nf3 Nc6 6. Bd3 Nb4 7. Be2 c5 8. O-O
cxd4 9. Nxd4 e5 10. Nf3 e4 11. Ne5 Bd6 12. Nxd7 Qxd7 13. cxd5 O-O 14. Qd4 Nc2
15. Bb5 Nxd4 16. Bxd7 Nc2 17. Rb1 Nxd7 18. Nxe4 Be5 19. f4 Bc7 20. a3 Bb6 21.
Rf3 Rfe8 22. Nd6 Re7 23. Nc4 Rc8 24. b3 Nf6 25. Nxb6 axb6 26. Bb2 Nxd5 27. Rg3
g6 28. Bd4 Nc3 29. Bxc3 Rxc3 30. Rd1 Nxe3 31. Rd8+ Kg7 32. h4 Rc1+ 33. Kf2 Nf5
34. Rh3 Nd4 35. Rxd4 Rc2+ 36. Kg3 h5 37. Kh2 Ree2 38. Rg3 Re1 39. f5 Rcc1 40.
Rh3 Rh1+ 41. Kg3 Rc3+ 42. Kf2 Rhxh3 43. gxh3 Rxh3 44. Rb4 Kf6 45. fxg6 Kxg6 46.
Rxb6+ Kg7 47. Kg2 Rxh4 48. Rxb7 Rg4+ 49. Kh3 Re4 50. Rb4 Re5 51. Kh4 Kg6 52.
Rb6+ f6 53. Rb4 Ra5 54. Ra4 Rd5 55. Rc4 Rd1 56. b4 Rh1+ 57. Kg3 f5 58. b5 Kg5
59. b6 Rb1 60. Rb4 Rg1+ 61. Kf2 Rd1 62. b7 Rd2+ 63. Ke1 Rd8 64. b8=Q Rxb8 65.
Rxb8 Kg4 66. Rb4+ f4 67. a4 h4 68. Kf1 h3 69. Kg1 Kg3 70. Rxf4 h2+ 71. Kh1 Kxf4
72. a5 Ke5 73. a6 Kd6 74. a7 {Black resigns} 1-0  aics%

[Event "Team 45 45 League T29"]
[Site "Internet Chess Club"]
[Date "2006.01.08"]
[Round "3"]
[White "kutch"]
[Black "Borovnia"]
[Result "1-0"]
[WhiteElo "1499"]
[BlackElo "1437"]
[TimeControl "2700+45"]

1. e4 e5 2. Nf3 d6 3. Bc4 Nf6 4. Nc3 Be6 5. Qe2 Bxc4 6. Qxc4 c6 7. d4 exd4 8.
Qxd4 c5 9. Qd3 Be7 10. Bf4 Nh5 11. Be3 Nc6 12. Nd5 Nb4 13. Qb5+ Qd7 14. Qxd7+
Kxd7 15. Nxb4 cxb4 16. O-O-O Kc7 17. Nd4 a6 18. Nf5 Rhe8 19. g4 g6 20. Nxe7 Rxe7
21. gxh5 Rxe4 22. hxg6 hxg6 23. Rd4 Rxd4 24. Bxd4 Re8 25. Be3 Kc6 26. Rd1 Re4
27. Rd4 Rxd4 28. Bxd4 Kd5 29. Be3 Ke4 30. Kd2 Kf3 31. Kd3 f5 32. Kc4 f4 33. Bb6
g5 34. Kd5 g4 35. Kxd6 Ke2 36. Ke5 g3 37. hxg3 fxg3 38. fxg3 Kd2 39. c3 bxc3 40.
bxc3 Kxc3 41. g4 Kc4 42. g5 Kb5 43. g6 Kxb6 44. g7 Kb5 45. g8=Q Ka4 46. Qb3+ Ka5
47. Qxb7 {Black resigns} 1-0  aics%

[Event "Team 45 45 League T29"]
[Site "Internet Chess Club"]
[Date "2006.01.06"]
[Round "3"]
[White "FatManMGS2"]
[Black "Zornorph"]
[Result "1-0"]
[WhiteElo "1896"]
[BlackElo "1938"]
[TimeControl "2700+45"]

1. e4 e5 2. Nf3 d6 3. d4 Nd7 4. c4 exd4 5. Nxd4 Ngf6 6. Nc3 g6 7. Be2 Bg7 8. Be3
O-O 9. O-O Nc5 10. Qc2 Re8 11. Bf3 Bg4 12. Rad1 Bxf3 13. gxf3 c6 14. Nxc6 bxc6
15. Bxc5 Re6 16. Qd2 Ne8 17. Bd4 Qh4 18. Ne2 g5 19. Ng3 Rh6 20. Rfe1 Qxh2+ 21.
Kf1 Bxd4 22. Qxd4 Ng7 23. Ke2 Ne6 24. Qe3 Nf4+ 25. Kd2 Qh3 26. Nf5 Rh5 27. Rh1
Qxh1 28. Rxh1 Rxh1 29. Qd4 Ne6 30. Ne7+ Kf8 31. Qh8+ Kxe7 32. Qxa8 h5 33. Qxa7+
Ke8 34. Qa8+ Kd7 35. Qb7+ Nc7 36. b4 Ra1 37. b5 Rxa2+ 38. Ke1 cxb5 39. cxb5 Ra1+
40. Ke2 Rc1 41. b6 h4 42. bxc7 Rxc7 43. Qb5+ {Black resigns} 1-0  aics%

[Event "Team 45 45 League T29"]
[Site "Internet Chess Club"]
[Date "2006.01.04"]
[Round "3"]
[White "Knight77"]
[Black "chsrules88"]
[Result "1-0"]
[WhiteElo "1784"]
[BlackElo "1834"]
[TimeControl "2700+45"]

1. d4 e5 2. e4 exd4 3. Nf3 c5 4. Bc4 Nc6 5. c3 dxc3 6. Nxc3 d6 7. Bf4 Be6 8. Nd5
Nf6 9. Qe2 Be7 10. Rd1 Bxd5 11. exd5 Nb8 12. Bb5+ Kf8 13. O-O Nh5 14. Bc1 a6 15.
Bd3 h6 16. Rfe1 g6 17. b3 Bf6 18. g4 Ng7 19. Bf4 Ne8 20. g5 hxg5 21. Nxg5 Bxg5
22. Qxe8+ Qxe8 23. Rxe8+ Kxe8 24. Bxg5 Kd7 25. Bf1 Re8 26. Rd3 Kc7 27. Rh3 Re5
28. f4 Rxd5 29. Rh8 b5 30. Rf8 Ra7 31. Rxf7+ Kb6 32. Bd8+ Kc6 33. Rxa7 Rd2 34.
Bg2+ d5 35. Rg7 Rxa2 36. Rxg6+ Kd7 37. Bb6 c4 38. Bxd5 c3 39. Be4 c2 40. Be3
Ra1+ 41. Kg2 c1=Q 42. Bxc1 Rxc1 43. h4 Ke7 44. h5 Nd7 45. Rxa6 Nf6 46. Bf3 Rc3
47. h6 Rxb3 48. h7 Nxh7 49. Ra7+ Kf6 50. Rxh7 b4 51. Rb7 Kf5 52. Kg3 Rb1 53.
Rb5+ Kf6 54. f5 b3 55. Kf4 b2 56. Rb6+ Kf7 57. Rb7+ Kf6 58. Rb6+ Kf7 59. Bd5+
Kf8 60. Ba2 Rf1+ 61. Ke5 Ke7 62. Rb7+ Ke8 63. Rxb2 Re1+ 64. Kf6 Rc1 65. Rb7 Rc6+
66. Kg7 Rc2 67. Bd5 Rc1 68. Rb6 Rc7+ 69. Kg8 Rc1 70. Rg6 Kd7 71. f6 Rc8+ 72. Kg7
Kd6 73. f7+ Kxd5 74. f8=Q Rxf8 75. Kxf8 Ke5 76. Kf7 Kd5 77. Re6 Kc5 78. Ke7 Kd5
79. Rd6+ Ke5 80. Rd7 Kf5 81. Rd5+ Kg6 82. Ke6 Kg7 83. Rf5 Kg6 84. Re5 Kg7 85.
Rg5+ Kf8 86. Rg6 {Black resigns} 1-0  aics%

[Event "Team 45 45 League T29"]
[Site "Internet Chess Club"]
[Date "2006.01.09"]
[Round "3"]
[White "ActionMan"]
[Black "tgralex"]
[Result "1-0"]
[WhiteElo "1627"]
[BlackElo "1757"]
[TimeControl "2700+45"]

1. e4 e5 2. f4 exf4 3. Nf3 Be7 4. Bc4 Bh4+ 5. Kf1 d6 6. d4 Bg4 7. Bxf4 Nc6 8.
Be3 Qd7 9. c3 O-O-O 10. Nbd2 f5 11. h3 Bxf3 12. Nxf3 Bg3 13. Ng5 Re8 14. Qf3 f4
15. Bxf4 Bxf4 16. Qxf4 Nh6 17. Ke2 d5 18. Bxd5 Qxd5 19. Kd3 Qb5+ 20. Kc2 Qe2+
21. Qd2 Qc4 22. b3 Qa6 23. Rhf1 Ne7 24. Rf2 Ng6 25. Kb2 Re7 26. Raf1 Rhe8 27. e5
c5 28. Nxh7 cxd4 29. cxd4 Rd8 30. Qb4 Red7 31. Rc1+ Kb8 32. Rc4 Ng8 33. Nf8 Nxf8
34. Rxf8 Qe6 35. Rxd8+ Rxd8 36. Qc5 Ne7 37. Qc7+ {Black resigns} 1-0  aics%

[Event "Team 45 45 League T29"]
[Site "Internet Chess Club"]
[Date "2006.01.08"]
[Round "3"]
[White "tammany"]
[Black "PostMike"]
[Result "1/2-1/2"]
[WhiteElo "1529"]
[BlackElo "1499"]
[TimeControl "2700+45"]

1. e4 c5 2. Nf3 Nc6 3. Bb5 g6 4. Bxc6 bxc6 5. Nc3 Bg7 6. d3 Nf6 7. Be3 d6 8. h3
Nd7 9. Qd2 O-O 10. Bh6 a5 11. Bxg7 Kxg7 12. h4 h5 13. Ng5 Nf6 14. d4 Qb6 15. e5
Nd5 16. Nxd5 cxd5 17. dxc5 Qxc5 18. exd6 Qxd6 19. O-O f6 20. Nf3 e5 21. Rfe1 Bf5
22. c3 a4 23. Rad1 Rfd8 24. b3 axb3 25. axb3 Qa3 26. b4 Rac8 27. Ra1 Qxc3 28.
Ra7+ Kg8 29. Qh6 Rc7 30. Ra6 Rh7 31. Qc1 Qxc1 32. Rxc1 Rf7 33. Rcc6 Kg7 34. Nd2
Rb8 35. Rab6 Rxb6 36. Rxb6 Ra7 37. Rb5 d4 38. f3 Kf7 39. Ne4 Bxe4 40. fxe4 Rd7
41. Kf1 d3 42. Ke1 Ke6 43. Kd2 f5 44. Rb6+ Rd6 45. Rxd6+ Kxd6 46. exf5 gxf5 47.
Kxd3 Kc6 48. Kc4 e4 49. g3 Kb6 50. b5 Kb7 51. Kd4 Kc7 52. Kc3 Kd6 53. Kd4 Kc7
54. Kc3 Kb6 55. Kc4 Kb7 56. Kd4 Kc7 57. Kc3 Kd7 58. Kd4 Kd6 59. Kc4 {Game drawn
by mutual agreement} 1/2-1/2  aics%

[Event "Team 45 45 League T29"]
[Site "Internet Chess Club"]
[Date "2006.01.07"]
[Round "3"]
[White "A-Ru"]
[Black "TheBogNug"]
[Result "1-0"]
[WhiteElo "1896"]
[BlackElo "1874"]
[TimeControl "2700+45"]

1. d4 d5 2. Nf3 Nf6 3. e3 e6 4. Bd3 c5 5. b3 Nc6 6. a3 Qa5+ 7. Nbd2 cxd4 8. exd4
b5 9. Bb2 Be7 10. O-O O-O 11. Re1 Qb6 12. Ne5 Nxd4 13. Kh1 Nc6 14. Ng4 Nxg4 15.
Qxg4 e5 16. Bf5 Bxf5 17. Qxf5 g6 18. Qf3 Rad8 19. Rad1 Qc7 20. Qe2 a6 21. Bxe5
Nxe5 22. Qxe5 Qxe5 23. Rxe5 Bxa3 24. Nb1 Bb4 25. c3 Bc5 26. Kg1 Rfe8 27. Rdxd5
Rxd5 28. Rxe8+ Kg7 29. Kf1 Rd1+ 30. Re1 Rxe1+ 31. Kxe1 Kf6 32. Ke2 a5 33. Nd2
Ke5 34. c4 a4 35. cxb5 a3 36. Nc4+ Kd5 37. b6 Bxb6 38. Nxa3 Kc5 39. Nc2 h5 40.
f4 Kd5 41. Kf3 f6 42. h4 Bd8 43. Ne3+ Ke6 44. Ke4 Bb6 45. b4 f5+ 46. Kd3 Bd8 47.
g3 Bb6 48. b5 Kd7 49. Nc4 Bf2 50. Ne5+ Kc7 51. Kc4 Bxg3 52. Nxg6 Kb6 53. Kd5
Kxb5 54. Ke6 Kc5 55. Kxf5 Kd6 56. Kg5 Bxf4+ 57. Nxf4 Ke7 58. Nxh5 Kf7 59. Kh6
Kg8 60. Kg6 Kh8 61. Nf4 Kg8 62. Ne6 Kh8 63. Ng5 Kg8 64. Nf7 {Black resigns} 1-0 
aics%

[Event "Team 45 45 League T29"]
[Site "Internet Chess Club"]
[Date "2006.01.09"]
[Round "3"]
[White "HCN"]
[Black "DaveTheRook"]
[Result "1-0"]
[WhiteElo "1739"]
[BlackElo "1693"]
[TimeControl "2700+45"]

1. e4 e5 2. Nf3 Nc6 3. Bb5 a6 4. Ba4 Nf6 5. O-O Be7 6. Re1 b5 7. Bb3 O-O 8. c3
d5 9. exd5 Nxd5 10. Nxe5 Nxe5 11. Rxe5 c6 12. d4 Bd6 13. Re1 Qh4 14. g3 Qh3 15.
Qf3 Bg4 16. Qg2 Rae8 17. Be3 Qh5 18. Nd2 Bh3 19. Qh1 Bf4 20. Bxd5 Bxe3 21. Bxc6
Bxd2 22. Rxe8 Rxe8 23. Bxe8 Qe2 24. Qa8 {Black forfeits on time} 1-0  aics%

[Event "Team 45 45 League T29"]
[Site "Internet Chess Club"]
[Date "2006.01.14"]
[Round "3"]
[White "az2112"]
[Black "jacknor"]
[Result "1/2-1/2"]
[WhiteElo "1589"]
[BlackElo "1622"]
[TimeControl "2700+45"]

1. d4 d5 2. c4 e6 3. Nf3 Nf6 4. Bg5 Be7 5. h3 h6 6. Bf4 O-O 7. Nc3 b6 8. cxd5
Nxd5 9. Nxd5 exd5 10. e3 Ba6 11. Bxa6 Nxa6 12. O-O Rc8 13. Ne5 Nb8 14. Qg4 Kh8
15. Qh5 Bf6 16. Nxf7+ Rxf7 17. Qxf7 c5 18. Bxb8 Rxb8 19. dxc5 bxc5 20. Qxa7 c4
21. a3 Bxb2 22. Rab1 Ra8 23. Qf7 c3 24. f4 Qb6 25. Qxd5 Qxe3+ 26. Kh1 Rb8 27.
Qd6 Rb6 28. Qf8+ Kh7 29. Qf5+ Rg6 30. Qc2 Qa7 31. Rxb2 cxb2 32. Qxb2 Qa6 33. Rf2
Rf6 34. Qc2+ Kg8 35. Qb3+ Kh7 36. Qc2+ Kh8 37. a4 Rc6 38. Qb1 Rb6 39. Rb2 Rxb2
40. Qxb2 Qxa4 41. Qb8+ Kh7 42. Qb1+ Kh8 43. Qb8+ Kh7 44. Qb1+ Kh8 45. Qb8+ {Game
drawn by repetition} 1/2-1/2  aics%